[Event "Gibraltar Amateurs B 2019"]
[Site "Caleta"]
[Date "2019.01.29"]
[Round "4"]
[White "Bauer, Dieter"]
[Black "Pink, Joshua"]
[Result "1/2-1/2"]
[ECO "A09"]
[WhiteElo "1714"]
[BlackElo "1890"]
[Annotator "NA"]
[PlyCount "123"]
[EventDate "2019.01.18"]
[EventType "swiss"]
[EventCountry "GGB"]
[SourceTitle "playchess.com"]
[Source "ChessBase"]
[SourceQuality "1"]
[TimeControl "6600+10"]

1. c4 e6 2. g3 d5 3. Bg2 Nf6 4. Nf3 c5 5. O-O d4 6. d3 Nc6 7. a3 {[%emt 0:04:18] A09: Réti Opening: 1 Nf3 d5 2 c4} a5 8. e3 Bd6 9. exd4 cxd4 10. Re1 O-O 11. Bg5 h6 12. Bxf6 Qxf6 13. Nbd2 Qd8 14. Ne4 $146 ({Predecessor:} 14. Rc1 Bd7 15. c5 Be7 16. Ne5 Nxe5 17. Rxe5 {0-1 (39) Neef,M (2451)-Jumabayev,R (2610) Barcelona 2017}) 14... Re8 15. Rc1 Bf8 16. Rc2 e5 17. Qc1 f5 18. Ned2 Bc5 19. Nb3 Qb6 20. Nxc5 Qxc5 21. Rce2 Bd7 22. b3 Re7 23. Qb2 Rae8 24. Nd2 e4 25. dxe4 Ne5 (25... b5 $14) 26. b4 axb4 27. axb4 Nd3 {[%emt 0:04:20] Double Attack} 28. Qa3 Nxb4 29. e5 Na6 (29... Bc6 $11 {keeps the balance.}) 30. Bd5+ Be6 $1 31. Qf3 Nb4 32. Nb3 Bxd5 (32... Qb6 $1 $11) 33. cxd5 Qxd5 34. Qxd5+ Nxd5 35. Nxd4 f4 36. Nf5 Re6 37. Nd6 (37. Rd2 $5 Ne7 38. Nxe7+ R8xe7 39. gxf4 $16) 37... R8e7 38. Nf5 Re8 39. Nd6 f3 40. Re4 Nc3 41. Nxe8 Nxe4 42. Rxe4 Rxe8 43. Rf4 Rf8 44. Rb4 Rf7 45. h4 Re7 46. Rb5 Kf7 {[%emt 0:00:22] [#]} (46... Rd7 $11) 47. g4 $1 Ke6 48. Kh2 Rd7 49. Kg3 Rf7 50. h5 b6 51. Rxb6+ Kxe5 52. Rg6 Ke4 53. g5 hxg5 54. Rxg5 Rb7 55. Rg6 Rb1 56. Kh2 Rf1 57. Rxg7 Rxf2+ 58. Kg1 Ra2 $11 59. h6 Ra8 60. Kf2 Rh8 61. h7 Kf5 62. Rg5+ 1/2-1/2

[Event "Gibraltar Amateurs B 2019"]
[Site "Caleta"]
[Date "2019.01.30"]
[Round "5"]
[White "Pink, Joshua"]
[Black "Cernuda Orejas, Victor Manuel"]
[Result "1-0"]
[ECO "B12"]
[WhiteElo "1890"]
[BlackElo "1893"]
[Annotator "NA RC"]
[PlyCount "127"]
[EventDate "2019.01.18"]
[EventType "swiss"]
[EventCountry "GGB"]
[SourceTitle "playchess.com"]
[Source "ChessBase"]
[SourceQuality "1"]
[TimeControl "6600+10"]

1. e4 c6 2. d4 d5 3. e5 g6 4. Nf3 Bg4 5. Be3 {[%emt 0:01:06] B12: Caro-Kann: Advance Variation} (5. Be2 Bxf3 6. Bxf3 e6 7. Nd2 Ne7 8. c3 Nf5 9. Be2 Be7 10. O-O h5 11. Nf3 Nd7 12. g3 Kf8 {1-0 (82) Ruiz Castillo,J (2368)-Khachiyan,M (2522) chess.com INT 2018}) 5... Nd7 6. h3 Bxf3 7. Qxf3 e6 8. c3 $146 ({Predecessor:} 8. Bd3 Ne7 9. g4 Qb6 10. b3 Bg7 11. c3 c5 12. Qg3 h5 {1-0 (27) Regoli,S (2189)-Alanic,M (2077) Paris 2002}) 8... c5 9. Bd3 cxd4 10. cxd4 Ne7 11. O-O h5 12. Nc3 Nf5 13. Rac1 a6 14. Rfe1 Nb8 $2 ({Black should play} 14... Nxe3 $14 15. fxe3 Bh6) 15. Ne2 Nc6 16. Bxf5 gxf5 17. Nf4 Qb6 18. Nxh5 O-O-O 19. Nf4 Bh6 20. Nd3 Kb8 21. Nc5 Ka8 22. Rc3 Bf8 23. Rb3 Qa5 24. Rc1 Bxc5 $1 25. Rxc5 Qxa2 26. Qd1 Qa4 27. Qd3 Nb8 28. Bd2 $2 (28. Rc7 $18) 28... Rc8 29. Ra3 Qd1+ 30. Kh2 Rxc5 31. dxc5 Rc8 32. b4 d4 33. Qxd4 Qe2 34. Be3 Nc6 35. Qd7 Rf8 36. Qd2 Qxd2 37. Bxd2 Nxe5 38. Bf4 Nc4 39. Rc3 b5 40. cxb6 Nxb6 41. Bd6 Rh8 42. Rc7 Rh7 43. Bc5 Nd5 44. Ra7+ Kb8 45. Rxa6 Kb7 46. Ra3 Kc6 47. Ra7 Kb5 48. Kg3 Kc4 49. Bd6 Nf6 50. f3 Kd5 51. Bf8 ({White should try} 51. Be7 $18 Nh5+ 52. Kh2) 51... Kc4 52. Rb7 Nd5 53. b5 f4+ 54. Kf2 Ne3 {[%emt 0:04:01] [#]} 55. Bd6 $1 Nd1+ (55... Nd5 {might work better.} 56. Kg1 Rh4) 56. Kg1 Ne3 57. Bxf4 Nf5 58. Kf2 Nh4 (58... Kc5 $142 59. g4 Nd4) 59. Be3 Nf5 60. b6 Rh8 61. Rc7+ Kd5 62. b7 Nd6 63. Ba7 (63. Rc5# $142) 63... Nxb7 $18 64. Rxb7 1-0

[Event "Gibraltar Amateurs B 2019"]
[Site "Caleta"]
[Date "2019.01.30"]
[Round "5"]
[White "Gonzalez Pabollet, Jesus Maria S"]
[Black "Andersen, Guttorm"]
[Result "1-0"]
[ECO "B01"]
[WhiteElo "1875"]
[BlackElo "1801"]
[Annotator "NA RC"]
[PlyCount "63"]
[EventDate "2019.01.18"]
[EventType "swiss"]
[EventCountry "GGB"]
[SourceTitle "playchess.com"]
[Source "ChessBase"]
[SourceQuality "1"]
[TimeControl "6600+10"]

1. e4 d5 2. exd5 Nf6 3. Bb5+ Bd7 4. Bc4 b5 5. Bb3 Bf5 (5... a5 6. a4 bxa4 7. Rxa4 Bxa4 8. Bxa4+ Nbd7 9. Nf3 Qb8 10. Ne5 Qb4 11. c4 e6 12. O-O Bd6 13. dxe6 fxe6 14. d4 Bxe5 15. dxe5 {1-0 (32) Ladron de Guevara Pinto,P (2424)-Blazquez Gomez,J (2240) Linares 2018}) 6. Qe2 {[%emt 0:04:46] B01: Scandinavian Defence} Nxd5 $146 ({Predecessor:} 6... a6 7. d3 Nxd5 8. Nf3 Nc6 9. Bxd5 Qxd5 10. Nc3 Qd7 11. Ne4 e6 12. Bf4 Bd6 13. Bxd6 cxd6 {½-½ (35) Kassay,L (1955)-Borhy,M (2126) Hajduboszormeny 2016}) 7. Qxb5+ c6 8. Qe2 ({Stronger than} 8. Qb7 Nb6 $17) 8... e6 9. Nc3 Nb4 (9... Be7 $14) 10. d3 Nd7 11. a3 Na6 12. d4 Nc7 13. g4 Bg6 14. h4 h5 15. g5 Nb6 16. Nf3 Bd6 17. Ne4 O-O 18. c4 Bxe4 19. Qxe4 c5 20. dxc5 ({But not} 20. Bc2 g6 $18) 20... Bxc5 21. Bc2 g6 22. Bf4 Ne8 23. Rd1 Qc8 24. Ne5 Nd6 {[%emt 0:17:17] [#]} 25. Rxd6 $18 Bxd6 26. Nxg6 f5 27. gxf6 Rxf6 28. Bxd6 Qxc4 29. Ne7+ Kf8 30. Nd5+ Ke8 31. Nxf6+ Kd8 32. Rg1 1-0

[Event "Gibraltar Amateurs B 2019"]
[Site "Caleta"]
[Date "2019.01.30"]
[Round "5"]
[White "Lochte, Szilvia"]
[Black "Mahi Amit Doshi"]
[Result "0-1"]
[ECO "A11"]
[WhiteElo "1868"]
[BlackElo "1469"]
[Annotator "NA RC"]
[PlyCount "60"]
[EventDate "2019.01.18"]
[EventType "swiss"]
[EventCountry "GGB"]
[SourceTitle "playchess.com"]
[Source "ChessBase"]
[SourceQuality "1"]
[TimeControl "6600+10"]

1. c4 c6 2. g3 Nf6 3. Bg2 d5 4. Nf3 Bg4 5. Ne5 Be6 6. b3 {[%emt 0:06:26] A11: English Opening: 1...c6} Nbd7 7. Nxd7 $146 ({Better is Predecessor:} 7. d4 $11 Nxe5 8. dxe5 Nd7 9. cxd5 Bxd5 10. e4 Be6 11. f4 f5 12. Be3 Qa5+ 13. Qd2 Qxd2+ 14. Nxd2 fxe4 15. Bxe4 {½-½ (38) Timman,J (2562)-Van Foreest,J (2548) Hoogeveen 2015}) 7... Qxd7 8. d3 g6 9. O-O Bg7 10. Bb2 Bh3 11. Nd2 h5 12. Nf3 h4 13. Bxf6 Bxf6 14. Rc1 Bxg2 15. Kxg2 hxg3 16. fxg3 Qh3+ 17. Kf2 {[%emt 0:01:45] [#]} g5 $1 18. Rh1 g4 19. Ne1 Qh5 20. Ng2 Qf5+ 21. Ke1 Qe5 $2 ({Black should play} 21... Bg5 $19 22. Rc2 d4) 22. Kf2 Qf5+ 23. Ke1 Qe5 24. Kf2 Bg5 25. Rc2 d4 26. Qf1 Rh6 27. Ke1 $19 (27. Nf4 $142) 27... Rh4 28. h3 Rxh3 29. Kf2 Rh2 30. e3 Rh8 0-1

[Event "Gibraltar Amateurs B 2019"]
[Site "Caleta"]
[Date "2019.01.30"]
[Round "5"]
[White "Robson, Paul E"]
[Black "Deus, Pedro"]
[Result "1-0"]
[ECO "C56"]
[WhiteElo "1861"]
[BlackElo "1729"]
[Annotator "NA RC"]
[PlyCount "89"]
[EventDate "2019.01.18"]
[EventType "swiss"]
[EventCountry "GGB"]
[SourceTitle "playchess.com"]
[Source "ChessBase"]
[SourceQuality "1"]
[TimeControl "6600+10"]

1. e4 e5 2. d4 exd4 3. Nf3 Nc6 4. Bc4 Nf6 5. e5 d5 6. Bb5 Ne4 7. Nxd4 Bd7 8. Bxc6 bxc6 9. O-O Bc5 10. Be3 Qb8 11. b3 Bb6 12. f3 Nc5 13. f4 Ne4 14. f5 c5 15. Ne2 d4 16. e6 (16. Bc1 $11 {keeps the balance.}) 16... fxe6 17. fxe6 Bxe6 18. Nf4 O-O 19. Nxe6 Rxf1+ 20. Kxf1 dxe3 $4 (20... Qe8 $11 21. Qg4 Qf7+ 22. Bf4 Re8 23. Nxg7 Qxg7 24. Qxg7+ Kxg7) 21. Qg4 g6 22. Qxe4 Qe8 23. Ng5 Qf8+ 24. Nf3 Re8 25. Qc4+ Kg7 26. Nc3 Qf5 27. Qd3 Qf6 28. Rd1 c6 29. Ne4 e2+ 30. Kxe2 c4 31. bxc4 $2 (31. Qd7+ $18 {is more deadly.} Re7 32. Kf1) 31... Re7 $2 (31... Qf4) 32. Kf1 Qf4 33. Re1 Rf7 34. Qd6 Qh6 35. Qe5+ Kg8 36. Nf6+ $2 Kf8 $1 {[%emt 0:01:33] [#]} 37. Nd7+ $1 {[%emt 0:00:59] Back Rank, Clearance} Kg8 38. Nf6+ (38. c5 $18 Rxf3+ 39. gxf3 Qh3+ 40. Kf2 Qxd7 41. cxb6 axb6 42. Qe6+ Qf7 43. Qxf7+ Kxf7 44. a4) 38... Kf8 39. Ng4 Rxf3+ 40. gxf3 Qh3+ 41. Ke2 Qg2+ 42. Kd3 Qxf3+ 43. Ne3 Kg8 44. c5 Ba5 45. Qb8+ $18 1-0

[Event "Gibraltar Amateurs B 2019"]
[Site "Caleta"]
[Date "2019.01.30"]
[Round "5"]
[White "Bosschem, Eddy"]
[Black "Marcos Herrero, Francisco"]
[Result "1-0"]
[ECO "A48"]
[WhiteElo "1847"]
[BlackElo "1855"]
[Annotator "NA RC"]
[PlyCount "143"]
[EventDate "2019.01.18"]
[EventType "swiss"]
[EventCountry "GGB"]
[SourceTitle "playchess.com"]
[Source "ChessBase"]
[SourceQuality "1"]
[TimeControl "6600+10"]

1. d4 Nf6 2. Nf3 c5 3. e3 g6 4. c3 Bg7 5. Nbd2 cxd4 6. exd4 O-O 7. Bd3 d5 8. O-O Nc6 9. h3 Be6 10. Re1 Qc8 11. Bf1 a6 12. Nb3 h5 13. Bf4 Ne4 14. Ng5 Bf5 15. Nxe4 Bxe4 16. Nc5 Bf5 17. Nd3 (17. Qb3 $16) 17... b6 18. Qb3 Qd8 19. Ne5 Nxe5 20. Bxe5 Bxe5 21. Rxe5 Be6 22. Rae1 Qd6 23. Bd3 Kg7 24. Qc2 Bd7 25. Qe2 (25. Rxe7 $18 Rfe8 26. Rxe8 Bxe8 27. Re5) 25... e6 26. Qd2 ({Reject} 26. Bxa6 b5 $15) 26... b5 ({Black should play} 26... h4 $14) 27. Qg5 Be8 28. Qg3 Rh8 29. Qf3 Ra7 30. g4 (30. Qe2 $14) 30... hxg4 31. Qxg4 Qe7 32. Rxd5 Rh4 33. Qg3 Qf6 34. Rde5 Bc6 35. Be4 Rc7 $2 (35... Bxe4 $16 {was worth a try.} 36. R1xe4 (36. R5xe4 Rxe4) 36... Rxe4 37. Rxe4 Qf5) 36. Bxc6 Rxc6 37. a3 Rf4 38. R1e3 Rc8 39. Rh5 Rxf2 40. Qxf2 Qxf2+ 41. Kxf2 gxh5 42. Re5 Kg6 43. Kf3 Rc6 44. h4 f6 45. Rc5 Rd6 46. Rc8 Rd5 47. Rc6 Rf5+ 48. Ke3 e5 49. Rxa6 exd4+ 50. cxd4 Rf1 51. Rb6 Re1+ 52. Kd3 Rd1+ 53. Ke4 Re1+ 54. Kd5 Rh1 55. Rxb5 Rxh4 56. a4 Rh1 57. a5 h4 58. Ke4 $4 (58. Rb8 $18) 58... Rf1 $2 (58... h3 $19 59. Rb3 Re1+ 60. Kd5 h2) 59. Rb3 Kg5 $2 (59... f5+ $16 60. Ke5 Ra1) 60. Ke3 $4 (60. a6 $18 f5+ 61. Ke5 Re1+ 62. Kd6) 60... h3 61. Ke2 Ra1 62. Rxh3 Rxa5 63. Rd3 (63. Kd3 $16) 63... f5 64. Kf3 Rb5 65. b3 f4 66. d5 Rb7 $2 (66... Kf5 $11) 67. d6 Rd7 68. Rd5+ Kf6 69. Kxf4 Ke6 70. Ke4 Rb7 $2 (70... Rxd6 $11 71. Rxd6+ Kxd6 72. Kd4 Kc6 73. Kc4 Kb6 74. Kb4 Kc6 75. Ka5 Kb7) 71. d7 Rb4+ 72. Rd4 1-0

[Event "Gibraltar Amateurs B 2019"]
[Site "Caleta"]
[Date "2019.01.30"]
[Round "5"]
[White "Sahil Dhawan"]
[Black "Bauer, Dieter"]
[Result "1-0"]
[ECO "A37"]
[WhiteElo "1843"]
[BlackElo "1714"]
[Annotator "NA"]
[PlyCount "38"]
[EventDate "2019.01.18"]
[EventType "swiss"]
[EventCountry "GGB"]
[SourceTitle "playchess.com"]
[Source "ChessBase"]
[SourceQuality "1"]
[TimeControl "6600+10"]

1. c4 e5 2. Nc3 d6 3. g3 g6 4. Bg2 Bg7 5. d3 c5 6. Nf3 Ne7 7. a3 Nbc6 8. Rb1 a5 9. O-O O-O 10. Ne1 f5 {[%emt 0:01:42] A37: Symmetrical English vs ...g6: 4 Bg2 Bg7 5 Nf3} 11. Nc2 Be6 {[%emt 0:02:06] LiveBook: 3 Games} 12. Ne3 f4 13. Ned5 g5 14. b4 axb4 15. axb4 cxb4 16. Nxb4 Qd7 $146 ({Predecessor:} 16... Rf7 17. Ne4 Nf5 18. Nc2 h6 {½-½ (51) Bakre,T (2522)-Hamdani,R (2313) Biel 2011}) {Better is} 17. Nbd5 $11 (17. Nxc6) 17... Bxd5 18. Nxd5 Nxd5 19. Bxd5+ Kh8 1-0

[Event "Gibraltar Amateurs B 2019"]
[Site "Caleta"]
[Date "2019.01.30"]
[Round "5"]
[White "Carr, Jay"]
[Black "Sagar Siya"]
[Result "0-1"]
[ECO "A16"]
[WhiteElo "1842"]
[BlackElo "1616"]
[Annotator "NA RC"]
[PlyCount "132"]
[EventDate "2019.01.18"]
[EventType "swiss"]
[EventCountry "GGB"]
[SourceTitle "playchess.com"]
[Source "ChessBase"]
[SourceQuality "1"]
[TimeControl "6600+10"]

1. c4 Nf6 2. g3 g6 3. Bg2 d5 4. cxd5 Nxd5 5. Nc3 Nxc3 6. bxc3 Bg7 {[%emt 0:00:58] LiveBook: 590 Games} 7. Rb1 c6 8. Nf3 O-O 9. O-O b6 10. c4 Bb7 11. Bb2 Bxb2 $146 {[%emt 0:01:44] A16: English Opening: 1...Nf6 with ...d5} ({Predecessor:} 11... c5 12. Bxg7 Kxg7 13. d3 Nd7 14. a4 Qc7 15. a5 Bc6 16. Qd2 bxa5 17. Nh4 Bxg2 18. Nxg2 a4 19. Ne3 {1-0 (54) Serper,G (2535)-Zugic,I (2335) North Bay 1998}) 12. Rxb2 c5 13. d3 Nc6 14. Ne5 Qc7 15. Nxc6 Bxc6 16. Bxc6 Qxc6 17. Qc2 Rfd8 18. a4 h5 19. h4 Qf6 20. Qd2 Rd4 21. f3 Rad8 22. Qg5 Qd6 23. Kg2 Kh7 24. Qe3 f6 (24... f5 $11) 25. Rfb1 (25. a5 $14) 25... Rg8 (25... g5 $5) 26. f4 g5 27. Qf3 Kh6 (27... gxf4 $11 28. Qxh5+ Kg7) 28. hxg5+ fxg5 29. Rh1 Qg6 30. f5 Qf7 31. e4 Rgd8 (31... Rd7 $16 {is a better defense.}) 32. Rb3 Rg8 33. Qe3 Kh7 {[%emt 0:01:41] [#]} 34. Rbb1 (34. a5 $1 $18 ) 34... h4 35. Rh3 (35. Kf2 $16) 35... Qg7 36. Rbh1 {[%emt 0:00:05] [#]} (36. Qe2 $11) 36... Rgd8 $1 37. Rd1 {[%emt 0:00:47] [#]} ({Don't go for} 37. gxh4 $2 g4 $19) 37... Rxc4 $1 38. Qe2 Rb4 39. Qh5+ Kg8 40. gxh4 gxh4+ $2 {[%emt 0:02:40] [#]} (40... g4 $1 $11 41. Re3 Rxa4) 41. Kh1 $1 Qh7 42. Qg5+ $2 (42. Rg1+ {mates} Qg7 43. Rxh4 Qxg1+ {[%mdl 64] Remove Defender} 44. Kxg1 Rb1+ 45. Kf2 Rb2+ 46. Ke3 Rxd3+ 47. Kxd3) 42... Kf8 43. Rxh4 Qg7 44. Qh5 Qf7 45. Qh8+ Qg8 46. Rg1 Qxh8 47. Rxh8+ Kf7 48. Rxd8 Rxa4 49. e5 b5 50. Rdg8 $2 (50. Rgg8 {mates} e6 51. f6 Ra1+ 52. Kg2 Ra2+ 53. Kf3 Rf2+ 54. Kxf2 c4 55. Rg7#) 50... Rh4+ 51. Kg2 Kxg8 52. Kf3+ Kf7 53. Rc1 Rd4 54. Ke3 Rd5 55. Ke4 e6 56. f6 a5 57. Rh1 Rd4+ 58. Ke3 a4 59. Rh7+ Kf8 60. Re7 a3 61. Rxe6 a2 62. Ra6 Ra4 63. Rb6 a1=Q 64. Rb8+ Kf7 65. Rb7+ Kg6 66. Rg7+ Kf5 0-1

[Event "Gibraltar Amateurs B 2019"]
[Site "Caleta"]
[Date "2019.01.30"]
[Round "5"]
[White "Francois-Haugrin, Said"]
[Black "Greco, Joseph"]
[Result "1-0"]
[ECO "B01"]
[WhiteElo "1825"]
[BlackElo "1574"]
[Annotator "NA RC"]
[PlyCount "63"]
[EventDate "2019.01.18"]
[EventType "swiss"]
[EventCountry "GGB"]
[SourceTitle "playchess.com"]
[Source "ChessBase"]
[SourceQuality "1"]
[TimeControl "6600+10"]

1. e4 d5 2. exd5 Nf6 3. Bb5+ Bd7 4. Bc4 Bg4 5. f3 Bh5 6. Nc3 Nbd7 7. d4 a6 8. g4 Bg6 9. f4 b5 10. Bb3 Be4 11. Nxe4 Nxe4 12. Qf3 Nd6 13. c3 Nb6 14. Bc2 Qd7 15. Ne2 Rd8 16. f5 b4 17. Nf4 bxc3 18. bxc3 Qb5 19. a4 Qa5 20. Ba3 Nbc4 21. Bb4 Qb6 22. a5 Qa7 23. Ba4+ Nb5 24. Qe2 Ncd6 25. Bc5 Qa8 26. c4 c6 27. cxb5 cxb5 28. Bb3 e6 29. fxe6 f6 {[%emt 0:00:44] [#]} 30. g5 $18 h5 31. gxf6 gxf6 32. Ng6 1-0

[Event "Gibraltar Amateurs B 2019"]
[Site "Caleta"]
[Date "2019.01.30"]
[Round "5"]
[White "Mircov, Nicola-Alexandar"]
[Black "Olaizola, Miguel"]
[Result "1-0"]
[ECO "B70"]
[WhiteElo "1797"]
[BlackElo "1831"]
[Annotator "NA RC"]
[PlyCount "72"]
[EventDate "2019.01.18"]
[EventType "swiss"]
[EventCountry "GGB"]
[SourceTitle "playchess.com"]
[Source "ChessBase"]
[SourceQuality "1"]
[TimeControl "6600+10"]

1. e4 c5 2. Nf3 Nc6 3. d4 cxd4 4. Nxd4 g6 5. Nc3 Bg7 6. Nb3 Nf6 7. Be2 O-O 8. f4 d6 9. O-O b5 10. Bf3 Qb6+ 11. Kh1 Bb7 12. Qe2 b4 13. Be3 $1 Qd8 14. Nd5 Nxd5 15. exd5 Nb8 16. Bd4 (16. Rfb1 $14) 16... Ba6 17. Qf2 Bxd4 18. Nxd4 Bxf1 19. Rxf1 Qb6 20. Qd2 a5 21. h4 b3 (21... Nd7 $17 22. Nc6 Rae8) 22. axb3 a4 23. b4 a3 24. bxa3 Rxa3 25. h5 Ra4 26. c3 Qa6 $1 27. Be2 Ra2 28. Qe3 Qa7 {[%emt 0:00:05] [#]} 29. f5 $1 Ra1 30. Bd1 (30. Rxa1 $16 Qxa1+ 31. Kh2) 30... Nd7 31. Qxe7 Ne5 32. Qxd6 Nc4 $2 (32... Qb8 $16 33. Qe7 Ng4 {[%mdl 64] Pin}) 33. Qf4 Qb8 {[%emt 0:00:29] [#]} 34. Qh6 $1 Qg3 35. f6 ({Not} 35. hxg6 fxg6 36. d6 (36. Ne6 Rf7 $15) 36... Rxd1 $15) (35. fxg6 $142 Qh4+ 36. Kg1 Qxh5 37. gxh7+ Kh8 38. Qxf8+ {[%mdl 64] Double Attack} Kxh7 39. Bxh5 Rxf1+ 40. Kxf1) 35... gxh5 (35... Qh4+ ) 36. Nf5 Re8 1-0

[Event "Gibraltar Amateurs B 2019"]
[Site "Caleta"]
[Date "2019.01.30"]
[Round "5"]
[White "Cordero Infante, Ivan"]
[Black "Valladolid Martin, Fco. Jose"]
[Result "1-0"]
[ECO "C54"]
[WhiteElo "1417"]
[BlackElo "1878"]
[Annotator "NA RC"]
[PlyCount "106"]
[EventDate "2019.01.18"]
[EventType "swiss"]
[EventCountry "GGB"]
[SourceTitle "playchess.com"]
[Source "ChessBase"]
[SourceQuality "1"]
[TimeControl "6600+10"]

1. e4 e5 2. Nf3 Nc6 3. Bc4 Bc5 4. c3 Nf6 5. d3 h6 6. O-O O-O 7. b4 Bb6 {[%emt 0:00:28] C54: Giuoco Piano: 4 c3 Nf6, main lines with 5 d4 and 5 d3} 8. Nbd2 d6 9. h3 (9. Bb3 Ne7 10. Nc4 Ng6 11. Re1 Re8 12. h3 Be6 13. Bc2 c6 14. Nxb6 axb6 {½-½ (29) Kravtsiv,M (2672)-Cheparinov,I (2710) Riadh 2017}) 9... Ne7 10. Re1 Ng6 11. Nf1 Be6 12. Bb3 $146 ({Predecessor:} 12. Ng3 Qd7 13. Bxe6 fxe6 14. Be3 Bxe3 15. fxe3 Rf7 16. h4 Qc6 {1-0 (48) Borrink,J (2087)-Pliete,C (1832) Germany 2015}) 12... Qd7 13. Be3 Nf4 (13... Bxe3 $11 14. Nxe3 a5) 14. Bxf4 exf4 15. Qd2 g5 16. N1h2 Bxh3 17. gxh3 Qxh3 18. e5 (18. Kh1 $16) 18... dxe5 19. Nxe5 g4 20. d4 f3 21. Nexf3 gxf3 22. Nxf3 Qxf3 23. Qxh6 Qg4+ 24. Kf1 Qg7 25. Qh3 Rfe8 26. a4 a5 27. b5 c6 28. bxc6 bxc6 29. Rxe8+ Rxe8 30. Re1 Rxe1+ 31. Kxe1 Qg1+ 32. Ke2 Qg4+ 33. Qxg4+ Nxg4 34. Kf3 Nf6 35. Kf4 Kf8 36. f3 Ke7 37. Ke5 Bc7+ 38. Kf5 Nd5 39. c4 Nf4 40. Ke4 Kf6 41. d5 c5 42. Bd1 Be5 43. Bc2 Ne2 44. Ke3 Nd4 45. Bd1 Kg5 46. Ke4 Bd6 47. Ke3 Kf5 48. Be2 Nxe2 49. Kxe2 Kf4 50. Kf2 f5 51. Ke2 Kg3 52. Ke3 Be5 53. Ke2 f4 1-0